 Dungeon Crawl Stone Soup version 0.30-a0-377-g5cb311bc9f (webtiles) character file.

Game seed: 11442777290638358035

3551 motorez the Fighter (level 9, -5/85 HPs)
             Began as a Minotaur Fighter on Nov 29, 2022.
             Was an Initiate of Gozag.
             Slain by Erolcha
             ... wielding a +0 giant club
              (21 damage)
             ... on level 9 of the Dungeon.
             The game lasted 01:10:04 (5385 turns).

motorez the Fighter (Minotaur Fighter)              Turns: 5385, Time: 01:10:05

Health: -5/85      AC: 16    Str: 26    XL:     9   Next: 83%
Magic:  8/8        EV: 13    Int:  5    God:    Gozag
Gold:   601        SH:  4    Dex:  9    Spells: 8/8 levels left

rFire   . . .      SeeInvis .    a - +0 long sword
rCold   . . .      Faith    .    c - +0 buckler
rNeg    . . .      Spirit   .    b - +1 scale mail
rPois   .          Reflect  .    (helmet restricted)
rElec   .          Harm     .    w - +1 cloak
rCorr   .          Rampage  .    (no gloves)
Will    .....      Rnd*Tele +    (no boots)
Stlth   ..........               (no amulet)
HPRegen 0.34/turn                o - +4 ring of protection
MPRegen 0.11/turn                p - +4 ring of evasion

@: gold aura
A: horns 2, retaliatory headbutt, teleportitis 1
a: Renounce Religion, Potion Petition, Call Merchant, Bribe Branch


You were on level 9 of the Dungeon.
You worshipped Gozag.
Gozag was pleased with you.
You visited 1 branch of the dungeon, and saw 7 of its levels.
You visited the Abyss 1 time.

You collected 710 gold pieces.
You paid 109 gold pieces to Gozag.

Inventory:

Hand Weapons
 a - a +0 long sword (weapon)
 n - a +1 mace of holy wrath
Missiles
 f - 11 poisoned darts (quivered)
 t - 4 atropa-tipped darts
Armour
 b - a +1 scale mail (worn)
 c - a +0 buckler (worn)
 q - a +0 animal skin
 r - the +1 helmet of the Guardian {Str+4 Int+4}
   (You took it off Robin on level 3 of the Dungeon)

   Str:       It affects your strength (+4).
   Int:       It affects your intelligence (+4).
 w - a +1 cloak (worn)
 y - a +0 helmet
Jewellery
 o - a +4 ring of protection (left hand)
 p - a +4 ring of evasion (right hand)
 v - a +6 ring of strength
 D - an amulet of magic regeneration
Wands
 i - a wand of iceblast (1)
 u - a wand of flame (17)
 E - a wand of charming (15)
Scrolls
 d - a scroll of poison
 g - a scroll of noise
 h - a scroll of amnesia
 x - a scroll of identify
Potions
 e - 2 potions of mutation
 j - a potion of lignification
 l - a potion of haste
 s - a potion of attraction {unknown}
 A - a potion of cancellation {unknown}
 B - 2 potions of ambrosia {unknown}


   Skills:
 + Level 10.3 Fighting
 + Level 9.9 Long Blades
 + Level 10.2 Armour
 - Level 5.0 Shields


You had 8 spell levels left.
You didn't know any spells.
Your spell library contained the following spells:

 Spells                   Type           Power      Damage    Failure   Level
 Sandblast                Erth           0%         2d4       80%         1
 Passwall                 Tmut/Erth      0%         N/A       90%         2
 Gell's Gravitas          Tloc           0%         N/A       99%         3
 Lesser Beckoning         Tloc           0%         N/A       99%         3
 Stone Arrow              Conj/Erth      0%         3d7       99%         3
 Teleport Other           Tloc           0%         N/A       99%         3


Dungeon Overview and Level Annotations

Branches:
Dungeon (9/15)               Lair (0/5) D:9
 Temple: D:4-7          Orc: D:9-12

Altars:
Fedhas
Gozag
Vehumet
Wu Jian

Annotations:
D:9 Erolcha


Innate Abilities, Weirdness & Mutations

You have a pair of horns on your head.
You reflexively headbutt those who attack you in melee.
You are occasionally teleported next to monsters.


Message History

Level annotation: Erolcha You flicker back into view.
The orc wizard casts a spell.
The orc wizard flickers and vanishes!
Deactivating autopickup; reactivate with Ctrl-A.
The orc wizard hits you but does no damage.
Autopickup is now on.
The orc wizard attacks as you move away!
The orc wizard misses you. You furiously retaliate!
You headbutt the orc wizard.
You hit the orc wizard but do no damage.
You headbutt the orc wizard, but do no damage.
The orc wizard is moderately wounded.
The orc wizard hits you but does no damage.
You hit the orc wizard.
The orc wizard is heavily wounded.
The orc wizard hits you but does no damage.
You hit the orc wizard but do no damage.
Your headbutt misses the orc wizard.
The orc wizard is heavily wounded.
You block the orc wizard's attack.
You barely miss the orc wizard. You headbutt the orc wizard!
You kill the orc wizard!
You hit Erolcha.
Erolcha is lightly wounded.
Erolcha roars.
Erolcha closely misses you.
You hit Erolcha.
Erolcha is lightly wounded.
Erolcha casts a spell.
Erolcha flickers and vanishes!
Deactivating autopickup; reactivate with Ctrl-A.
You hit something. Your headbutt misses something. Something hits you!!
* * * LOW HITPOINT WARNING * * *
You barely miss something. Your headbutt misses something.
A magic dart appears from out of thin air!
The magic dart hits something.
You hit something. You headbutt something. Something hits you!!
You die...
Your body crumbles into a pile of gold.

.......# #...<........#
#.#.#...
.......###............###
..#....
.......#.................
......
.........#................
.......###.........<#.....
.......# #.......{..###...
.. .......# #..........#
... .. .......#
########{### .......# #@.#
##.##### #.## ...# #.#
#### ##.# ####### #..#
......# ####[## ......###
#..().# ......'.## #.....#
......#..###.....'..


There were no monsters in sight!

Vanquished Creatures
  A thrashing horror (Abyss:1)
  An orange demon (Abyss:1)
  A rime drake (D:9)
  Eustachio (D:5)
  Edmund (D:5)
  A neqoxec (Abyss:1)
  3 ice beasts (D:9)
  3 black bears (D:5)
  2 wolves (D:9)
  2 phantoms (D:5)
  2 kobold brigands (D:9)
  A necrophage (D:5)
  6 scorpions
  2 howler monkeys (D:9)
  A jelly (D:5)
  2 gnoll boudas
  An orc priest (D:9)
  2 iguanas
  2 orc wizards
  Robin (D:3)
  10 adders
  12 gnolls
  3 worms (D:2)
  3 dart slugs
  10 orcs
  4 bats
  9 endoplasms
  4 giant cockroaches
  21 goblins
  4 hobgoblins
  8 jackals
  4 quokkas
  6 ball pythons
  6 frilled lizards
  11 kobolds
  9 rats
160 creatures vanquished.

Notes
Turn   | Place    | Note
-------+----------+-------------------------------------------
     0 | D:1      | motorez the Minotaur Fighter began the quest for the Orb.
     0 | D:1      | Reached XP level 1. HP: 19/19 MP: 0/0
   135 | D:1      | Reached XP level 2. HP: 27/27 MP: 1/1
   233 | D:1      | Found a faded altar of an unknown god.
   372 | D:1      | Reached XP level 3. HP: 33/33 MP: 2/2
   747 | D:2      | Reached XP level 4. HP: 41/41 MP: 3/3
  1085 | D:3      | Reached XP level 5. HP: 41/47 MP: 4/4
  1163 | D:3      | Found a radiant altar of Vehumet.
  1167 | D:3      | Identified the +1 helmet of the Guardian {Str+4 Int+4}
  1167 | D:3      | Noticed Robin
  1190 | D:3      | Killed Robin
  1580 | D:3      | Reached skill level 5 in Shields
  1838 | D:3      | Reached skill level 5 in Armour
  1859 | D:3      | Found an ornate altar of the Wu Jian Council.
  2148 | D:4      | Reached skill level 5 in Fighting
  2278 | D:4      | Reached XP level 6. HP: 53/56 MP: 5/5
  2672 | D:5      | Entered Level 5 of the Dungeon
  2672 | D:5      | Noticed Eustachio
  2679 | D:5      | Killed Eustachio
  2680 | D:5      | Reached skill level 5 in Long Blades
  2701 | D:5      | Found a blossoming altar of Fedhas.
  2732 | D:5      | Reached XP level 7. HP: 50/62 MP: 6/6
  2907 | D:5      | Noticed Edmund
  2922 | D:5      | Killed Edmund
  3345 | D:5      | Reached XP level 8. HP: 63/73 MP: 7/7
  3739 | D:5      | Found an opulent altar of Gozag.
  3747 | D:5      | Became a worshipper of Gozag Ym Sagoz the Greedy
  4049 | D:6      | You fall into a shaft and drop 3 floors!
  4123 | D:9      | Noticed a rime drake
  4799 | D:9      | Killed a rime drake
  4800 | D:9      | Reached XP level 9. HP: 14/83 MP: 8/8
  5181 | D:9      | Noticed Erolcha
  5183 | D:9      | Found a staircase to the Lair.
  5210 | Abyss:1  | Cast into level 1 of the Abyss (Erolcha)
  5267 | Abyss:1  | Gained mutation: You are occasionally teleported next to
                  | monsters. [a neqoxec]
  5306 | Abyss:1  | Noticed an orange demon
  5306 | Abyss:1  | Noticed a thrashing horror
  5326 | Abyss:1  | Killed a thrashing horror
  5327 | Abyss:1  | Reached skill level 10 in Fighting
  5343 | Abyss:1  | Killed an orange demon
  5344 | Abyss:1  | Reached skill level 10 in Armour
  5370 | Abyss:1  | Noticed a bone dragon
  5370 | Abyss:1  | Noticed an ancient zyme
  5374 | D:9      | Escaped the Abyss
  5385 | D:9      | Slain by Erolcha

Illustrated notes

Levels and vault maps discovered:
D:1:      evilmike_arrival_fibonacci_small, layout_rooms,
          ebering_ecumenical_altar_box, minmay_tiny_reverse_x
D:2:      layout_basic, grunt_decor_clamped
D:3:      layout_basic, nicolae_wu_jian_glorious_leap, nicolae_vehumet_radiance,
          kennysheep_generic_room_8, uniq_robin
D:4:      layout_loops_cross
D:5:      minmay_opposing_rooms, layout_cave_pods,
          mainiacjoe_overflow_large_starburst, uniq_eustachio, uniq_edmund
D:6:      layout_rooms, mainiacjoe_overflow_alcove_2, uniq_pikel,
          uniq_crazy_yiuf_cottage
D:9:      layout_roguey, mainiacjoe_overflow_alcove_4, hellmonk_lair_entry_icy,
          uniq_erolcha

Skill      XL: |  1  2  3  4  5  6  7  8  9 |
---------------+----------------------------+-----
Fighting       | 4 5 7 9 10 | 10.3
Armour         | 4 5 7 9 10 | 10.2
Shields        | 4 5 |  5.0
Long Blades    | 3 4 5 6 8 9 |  9.9

Action                   |  1- 3 |  4- 6 |  7- 9 || total
-------------------------+-------+-------+-------++-------
Melee: Long sword        |    93 |   130 |   308 ||   531
       Headbutt          |    15 |    14 |    67 ||    96
  Use: Scroll            |     1 |     8 |     7 ||    16
       Potion            |       |     2 |    10 ||    12
Armor: Scale mail        |    38 |    42 |   165 ||   245
Dodge: Dodged            |    39 |    82 |   198 ||   319
Block: Buckler           |    21 |    27 |    60 ||   108

Table legend: (Time is in decaauts)
 A = Elapsed time spent in this place.
 B = Non-inter-level travel time spent in this place.
 C = Inter-level travel time spent in this place.
 D = Time resting spent in this place.
 E = Time spent auto-exploring this place.
 F = Levels seen in this place.
 G = Mean time per level.
                   A        B        C        D        E       F      G
               +--------+--------+--------+--------+--------+-----+--------+
         Total |   5463 |   5463 |      0 |   1051 |    848 |   8 |  682.9 |
       Dungeon |   5300 |   5300 |      0 |    974 |    848 |   7 |  757.1 |
         Abyss |    162 |    162 |      0 |     77 |      0 |   1 |  162.0 |
               +--------+--------+--------+--------+--------+-----+--------+

Top non-repeatable levels by time:
     D:5: 1396 daAuts
     D:9: 1172 daAuts
     D:3: 1115 daAuts
     D:2: 622 daAuts
     D:4: 585 daAuts
     D:1: 408 daAuts
 Abyss:1: 162 daAuts
